 Dungeon Crawl Stone Soup version 0.29-a0-923-g6e406bff71 (webtiles) character file.

Game seed: 13741405561783331314

1526 Pooter the Cleaver (level 8, -3/71 HPs)
             Began as a Minotaur Berserker on July 28, 2022.
             Was a Believer of Trog.
             Succumbed to a scorpion's poison
             ... on level 6 of the Dungeon.
             The game lasted 00:24:42 (5539 turns).

Pooter the Cleaver (Minotaur Berserker)             Turns: 5539, Time: 00:24:43

Health: -3/71      AC:  6    Str: 23    XL:     8   Next: 54%
Magic:  0/7        EV:  9    Int:  4    God:    Trog [**....]
Gold:   259        SH: 10    Dex: 17    Spells: 7/7 levels left

rFire   . . .      SeeInvis .   a - +0 trident
rCold   . . .      Faith    .   g - +0 kite shield
rNeg    . . .      Spirit   +   u - +0 scale mail
rPois   .          Reflect  .   (helmet restricted)
rElec   .          Harm     .   (no cloak)
rCorr   +          Rampage  .   (no gloves)
Will    .....                   (no boots)
Stlth   ..........              G - amulet of guardian spirit
HPRegen 0.21/turn               w - +6 ring of dexterity
MPRegen 0.10/turn               C - ring of resist corrosion

@: lethally poisoned (-3 -> -24), on berserk cooldown, slowed, very slow
A: horns 2, retaliatory headbutt
a: Renounce Religion, Berserk, Trog's Hand


You were on level 6 of the Dungeon.
You worshipped Trog.
Trog was pleased with you.
You visited 1 branch of the dungeon, and saw 6 of its levels.

You collected 259 gold pieces.

Inventory:

Hand Weapons
 a - a +0 trident (weapon)
   (You took it off an orc on level 4 of the Dungeon)
 b - a +0 sling
   (You found it on level 2 of the Dungeon)
 t - a +0 hand axe
Missiles
 k - 10 boomerangs (quivered)
 v - a throwing net {!f}
 Q - 25 stones
Armour
 g - a +0 kite shield (worn)
   (You found it on level 1 of the Dungeon)
 s - a +0 leather armour of poison resistance
   (You found it on level 4 of the Dungeon)
 u - a +0 scale mail (worn)
   (You found it on level 4 of the Dungeon)
Jewellery
 e - a ring of ice
   (You found it on level 1 of the Dungeon)
 w - a +6 ring of dexterity (left hand)
   (You found it on level 4 of the Dungeon)
 C - a ring of resist corrosion (right hand)
   (You found it on level 4 of the Dungeon)
 G - an amulet of guardian spirit (around neck)
   (You found it on level 6 of the Dungeon)
Scrolls
 c - a scroll of noise {!r}
 f - a scroll of enchant armour
 i - a scroll of immolation {unknown}
 j - 2 scrolls of torment {!r}
 l - a scroll of fear {unknown}
 m - 2 scrolls of amnesia {unknown}
 n - a scroll of poison {!r}
 o - a scroll of butterflies
 p - 2 scrolls of vulnerability {!r}
 q - a scroll of magic mapping
Potions
 d - 3 potions of haste {unknown}
 h - a potion of invisibility {unknown}
 x - a potion of degeneration {unknown}


   Skills:
 + Level 6.5 Fighting
 * Level 8.5 Axes
 * Level 6.3 Ranged Weapons
 - Level 2.4 Armour
 - Level 2.1 Dodging
 + Level 4.8 Shields


You had 7 spell levels left.
You didn't know any spells.
Your spell library was empty.

Dungeon Overview and Level Annotations

Branches:
Dungeon (6/15)
 Temple: D:4-7

Altars:
Kikubaaqudgha
Uskayaw
Yredelemnul

Shops:
D:4 (

Annotations:
D:6 1 runed translucent door, bchevrier's ghost, novice GnWn


Innate Abilities, Weirdness & Mutations

You have a pair of horns on your head.
You reflexively headbutt those who attack you in melee.


Message History

You barely miss the steam dragon. Your headbutt misses the steam dragon.
You feel the effects of Trog's Hand fading.
You feel very sick. The phantom hits you.
The phantom blinks!
You blink.
You hit the phantom.
You feel very sick.
You hit the phantom. Your headbutt misses the phantom.
You feel very sick. You block the phantom's attack.
You puncture the phantom!
You feel very sick. You block the phantom's attack.
You hit the phantom.
You feel very sick. You block the phantom's attack.
You puncture the phantom!
You destroy the phantom!
Trog accepts your kill.
You feel sick.
You are no longer berserk.
You are exhausted.
You feel yourself slow down.
Your skin stops crawling.
You feel less strong-willed.
You feel sick.
You feel very sick.
You block the steam dragon's attack. x2; You block the gnoll sergeant's attack.
The gnoll sergeant hits you from afar with a +0 trident of venom!
* * * LOW HITPOINT WARNING * * *
You are more poisoned.
The steam dragon bites you.
* * * LOW HITPOINT WARNING * * *
The steam dragon claws you.
* * * LOW HITPOINT WARNING * * *
Unknown command.
You hit the scorpion but do no damage.
You feel very sick. The scorpion stings you.
* * * LOW HITPOINT WARNING * * *
You are lethally poisoned!
The scorpion poisons you! The steam dragon misses you.
The steam dragon claws you but does no damage.
You block the gnoll sergeant's attack. You block the scorpion's attack.
The steam dragon breathes steam at you. The ball of steam hits you!
* * * LOW MAGIC WARNING * * *
* * * LOW HITPOINT WARNING * * *
You block the gnoll sergeant's attack.
Unknown command.
You barely miss the scorpion. You headbutt the scorpion!
You die...

............#
#.................
.....#......##
#.#########'######
.......#.....###.##......#.#
#
...><......#.....#..#...##.#
#
.......#...##....#####)##..#
#
.................'...#'#...#
#
......####.......##........#+
# ......#
####..§.###........# #
......# #..D@# #.........#
####### #..§s# +#...........
# #..g.# #.........###
#....###........##
###..##........#+
#..'.s.#'#...# #..#####D# .#
#..# sg #..# ...


You could see a steam dragon (catching breath), a gnoll sergeant and a scorpion.

Vanquished Creatures
  Grinder (D:6)
  Menkaure (D:6)
  2 water moccasins
  2 ogres
  A phantom (D:6)
  Blork the orc (D:5)
  A scorpion (D:4)
  4 killer bees (D:5)
  A gnoll bouda (D:5)
  2 hounds
  A jelly (D:6)
  Jessica (D:2)
  3 orc wizards (D:5)
  A hound zombie (D:3)
  A hound skeleton (D:3)
  2 adders
  6 gnolls
  A shadow imp (D:6)
  2 white imps
  An adder skeleton (D:3)
  2 worms
  3 dart slugs
  18 orcs
  3 ball pythons
  9 bats
  9 endoplasms
  2 giant cockroaches
  4 goblins
  5 hobgoblins
  8 jackals
  3 quokkas (D:1)
  A ball python skeleton (D:3)
  3 frilled lizards
  2 kobolds
  6 rats
113 creatures vanquished.

Notes
Turn   | Place    | Note
-------+----------+-------------------------------------------
     0 | D:1      | Pooter the Minotaur Berserker began the quest for the Orb.
     0 | D:1      | Reached XP level 1. HP: 19/19 MP: 0/0
   224 | D:1      | Reached skill level 4 in Axes
   265 | D:1      | Reached XP level 2. HP: 27/27 MP: 1/1
   795 | D:1      | Reached XP level 3. HP: 33/33 MP: 2/2
  1192 | D:1      | Reached ** piety under Trog
  1400 | D:2      | Found a faded altar of an unknown god.
  1567 | D:2      | Reached skill level 1 in Shields
  1576 | D:2      | Found a hide-covered altar of Uskayaw.
  1854 | D:2      | Noticed Jessica
  1890 | D:2      | Killed Jessica
  1891 | D:2      | Reached skill level 5 in Axes
  1891 | D:2      | Reached skill level 1 in Ranged Weapons
  1891 | D:2      | Reached XP level 4. HP: 37/41 MP: 3/3
  2429 | D:3      | Reached XP level 5. HP: 34/47 MP: 4/4
  2519 | D:3      | You fall into a shaft and drop 1 floor!
  2696 | D:4      | Found Lurecru's Antique Weapon Shop.
  3248 | D:5      | Entered Level 5 of the Dungeon
  3527 | D:5      | Reached XP level 6. HP: 55/55 MP: 5/5
  3645 | D:5      | Reached skill level 6 in Axes
  3802 | D:5      | Found a basalt altar of Yredelemnul.
  3819 | D:5      | Reached skill level 5 in Fighting
  3997 | D:5      | Reached XP level 7. HP: 61/61 MP: 6/6
  4335 | D:5      | Reached skill level 7 in Axes
  4451 | D:5      | Noticed Blork the orc
  4457 | D:5      | Killed Blork the orc
  4904 | D:6      | Noticed Grinder
  4919 | D:6      | Killed Grinder
  4920 | D:6      | Reached skill level 5 in Ranged Weapons
  4920 | D:6      | Reached XP level 8. HP: 70/70 MP: 7/7
  4971 | D:6      | Noticed bchevrier's ghost (novice GnWn)
  4981 | D:6      | Found an ancient bone altar of Kikubaaqudgha.
  5184 | D:6      | Found a runed translucent door.
  5225 | D:6      | Reached skill level 8 in Axes
  5340 | D:6      | Noticed Menkaure
  5369 | D:6      | Killed Menkaure
  5539 | D:6      | Succumbed to a scorpion's poison

Illustrated notes

Levels and vault maps discovered:
D:1:      amcnicky_arrival_double_pillar, layout_loops_ring, serial_aquarium,
          aquarium_bridge_long_joined [aquarium_subvault_wall,
          aquarium_subvault_bridge, aquarium_subvault_balcony,
          aquarium_subvault_wall, aquarium_subvault_wall,
          aquarium_subvault_bridge], aquarium_bridge_island_large
          [aquarium_subvault_large_water, aquarium_subvault_wall,
          aquarium_subvault_window, aquarium_subvault_bridge,
          aquarium_subvault_bridge], aquarium_window_fake, aquarium_window_fake,
          aquarium_view_2g, aquarium_view_2d, aquarium_pool_2,
          minmay_statues_item, minmay_cut_off
D:2:      layout_basic, chequers_ecumenical_altar_simple, basic_altar,
          minmay_misc_feat_nine_boxes, uniq_jessica
D:3:      layout_rooms, serial_undead, serial_undead_a, serial_undead_f,
          serial_undead_a, serial_undead_d, kennysheep_crisscross,
          minmay_misc_feat_five, minmay_randomly_rotated_circles
D:4:      layout_basic, nicolae_take_the_stairs
D:5:      layout_loops_corners, lemuel_round_altar, uniq_blork_the_orc
D:6:      layout_rooms, mainiacjoe_overflow_cross_hatched,
          hellmonk_ghost_happy_afterlife, minmay_liquid_box, minmay_pentangle,
          uniq_menkaure, uniq_grinder

Skill      XL: |  1  2  3  4  5  6  7  8 |
---------------+-------------------------+-----
Axes           | 4 5 6 7 8 |  8.5
Fighting       | 4 5 6 |  6.5
Shields        | 1 2 3 4 |  4.8
Ranged Weapons | 1 2 4 5 6 |  6.3
Armour         | |  2.4
Dodging        | |  2.1

Action                   |  1- 3 |  4- 6 |  7- 9 || total
-------------------------+-------+-------+-------++-------
Melee: Hand axe          |    81 |    32 |    10 ||   123
       Headbutt          |    10 |     9 |    11 ||    30
       Trident           |       |    53 |    68 ||   121
 Fire: Sling             |    30 |    50 |    21 ||   101
Throw: Boomerang         |       |     4 |       ||     4
Invok: Berserk           |     1 |     3 |     7 ||    11
       Trog's Hand       |     1 |     4 |     5 ||    10
  Use: Scroll            |       |     7 |     2 ||     9
 Stab: Sleeping          |       |     1 |       ||     1
Armor: Animal skin       |    16 |     5 |       ||    21
       Scale mail        |       |    19 |    22 ||    41
Dodge: Dodged            |    48 |    48 |    30 ||   126
Block: Kite shield       |    23 |    40 |    34 ||    97

Table legend: (Time is in decaauts)
 A = Elapsed time spent in this place.
 B = Non-inter-level travel time spent in this place.
 C = Inter-level travel time spent in this place.
 D = Time resting spent in this place.
 E = Time spent auto-exploring this place.
 F = Levels seen in this place.
 G = Mean time per level.
                   A        B        C        D        E       F      G
               +--------+--------+--------+--------+--------+-----+--------+
         Total |   5709 |   5581 |    128 |   1117 |   3540 |   6 |  951.5 |
       Dungeon |   5709 |   5581 |    128 |   1117 |   3540 |   6 |  951.5 |
               +--------+--------+--------+--------+--------+-----+--------+

Top non-repeatable levels by time:
     D:5: 1635 daAuts
     D:1: 1345 daAuts
     D:4: 838 daAuts
     D:2: 770 daAuts
     D:6: 666 daAuts
     D:3: 453 daAuts
